 Dungeon Crawl Stone Soup version 0.20.2-3-g29329e0561 (webtiles) character file.

692 Alfie the Cutter (level 7, -4/60 HPs)
             Began as a Hill Orc Fighter on Jan 11, 2023.
             Slain by Grinder (5 damage)
             ... on level 5 of the Dungeon.
             The game lasted 00:08:28 (2974 turns).

Alfie the Cutter (Hill Orc Fighter)                 Turns: 2974, Time: 00:08:29

Health: -4/60      AC: 10    Str: 21    XL:     7   Next: 63%
Magic:  7/7        EV:  8    Int:  8    God:
Gold:   226        SH: 10    Dex: 10    Spells: 6/6 levels left

rFire    . . .     SeeInvis .   a - +0 rapier
rCold    . . .     Gourm    .   c - +0 shield
rNeg     . . .     Faith    .   b - +0 scale mail
rPois    +         Spirit   .   (no helmet)
rElec    .         Reflect  .   (no cloak)
rCorr    .         Harm     .   y - +2 pair of gloves
MR       .....                  (no boots)
Stlth    ..........             (no amulet)
Regen    0.2/turn               l - ring of poison resistance
MPRegen  0.1/turn               (no ring)

@: no status effects
A: no striking features
a: no special abilities


You were on level 5 of the Dungeon.
You were not hungry.

You visited 1 branch of the dungeon, and saw 5 of its levels.

You collected 226 gold pieces.

Inventory:

Hand Weapons
 a - a +0 rapier (weapon)
Missiles
 e - a tomahawk (quivered)
Armour
 b - a +0 scale mail (worn)
 c - a +0 shield (worn)
 y - a +2 pair of gloves (worn)
Jewellery
 g - an uncursed ring of protection from cold
 l - a ring of poison resistance (left hand)
 q - an uncursed ring of protection from fire
 u - a cursed ring of teleportation {unknown}
Wands
 v - a wand of polymorph (5/24)
Scrolls
 k - a scroll of enchant armour {unknown}
 m - 3 scrolls of remove curse
 o - 2 scrolls of blinking {unknown}
 r - a scroll of random uselessness {unknown}
 t - 2 scrolls of enchant weapon {unknown}
 x - a scroll of teleportation {unknown}
Potions
 d - a potion of might
 h - a potion of degeneration {unknown}
 j - 4 potions of flight
 n - a potion of lignification
 p - 3 potions of curing
 w - 2 potions of brilliance
Comestibles
 i - 3 meat rations
 s - a bread ration


   Skills:
 + Level 4.8 Fighting
 + Level 5.3 Short Blades
 + Level 0.1 Throwing
 + Level 4.9 Armour
 + Level 1.9 Dodging
 + Level 0.3 Stealth
 + Level 5.1 Shields


You had 6 spell levels left.
You didn't know any spells.

Dungeon Overview and Level Annotations

Branches:
Dungeon (5/15)             Temple (0/1) D:4

Altars:
The Shining One

Annotations:
D:5 Grinder


Message History

Grinder is heavily wounded.
You hit Grinder but do no damage.
Grinder is heavily wounded.
Grinder hits you.
* * * LOW HITPOINT WARNING * * *
You barely miss Grinder.
Grinder is heavily wounded.
You block Grinder's attack.
You closely miss Grinder.
Grinder is heavily wounded.
Grinder hits you.
* * * LOW HITPOINT WARNING * * *
You writhe in agony.
* * * LOW HITPOINT WARNING * * *
You hit Grinder.
Grinder is heavily wounded.
Grinder hits you.
* * * LOW HITPOINT WARNING * * *
You writhe in agony.
You die...

.............##...###
.............##...#
......(......##...# .......
.....(....(..##...# .......
.............##...# .......
.............##...# ...5...
.............##...# .......
..........(..##...# ...).).
...........5@##...###.......
.############†).....(.......
#.............##
#..###...#.#..# #..##.#+##.#
.# #..##. # #...#. #.....
#...#.


You could see Grinder.

Vanquished Creatures
  An ice beast (D:5)
  A phantom (D:4)
  A centaur (D:5)
  A bullfrog (D:3)
  A scorpion (D:5)
  2 hounds (D:4)
  A centaur skeleton (D:4)
  2 worker ants
  2 iguanas (D:4)
  8 adders
  A shadow imp (D:5)
  An ooze (D:3)
  A worm (D:5)
  2 dart slugs
  2 leopard geckos
  A ball python (D:2)
  6 bats
  4 giant cockroaches
  5 goblins
  3 hobgoblins
  9 jackals
  2 quokkas (D:3)
  A goblin zombie (D:5)
  A jackal skeleton (D:4)
  7 kobolds
  A kobold skeleton (D:5)
  An orc skeleton (D:5)
  2 rats (D:2)
70 creatures vanquished.

Vanquished Creatures (others)
  A hound (D:5)
  An orc (D:5)
  A giant cockroach (D:5)
  A ball python (D:5)
4 creatures vanquished.

Grand Total: 74 creatures vanquished

Notes
Turn   | Place    | Note
-------+----------+-------------------------------------------
     0 | D:1      | Alfie the Hill Orc Fighter began the quest for the Orb.
     0 | D:1      | Reached XP level 1. HP: 19/19 MP: 1/1
   107 | D:1      | Reached XP level 2. HP: 15/27 MP: 2/2
   906 | D:2      | Reached XP level 3. HP: 33/33 MP: 3/3
  1568 | D:3      | Found a glowing golden altar of the Shining One.
  1690 | D:3      | Noticed a bullfrog
  1702 | D:3      | Killed a bullfrog
  1702 | D:3      | Reached XP level 4. HP: 22/40 MP: 4/4
  1902 | D:3      | Reached XP level 5. HP: 41/46 MP: 5/5
  2321 | D:4      | Noticed a phantom
  2377 | D:4      | Killed a phantom
  2377 | D:4      | Reached XP level 6. HP: 25/53 MP: 6/6
  2449 | D:4      | Found a staircase to the Ecumenical Temple.
  2565 | D:4      | Reached skill level 1 in Dodging
  2673 | D:4      | Reached skill level 5 in Short Blades
  2673 | D:4      | Reached XP level 7. HP: 29/60 MP: 7/7
  2729 | D:5      | Entered Level 5 of the Dungeon
  2821 | D:5      | Reached skill level 5 in Shields
  2921 | D:5      | Noticed Grinder
  2953 | D:5      | HP: 3/60 [Grinder/nerve-wracking pain (5)]
  2974 | D:5      | HP: 1/60 [Grinder (4)]
  2974 | D:5      | Slain by Grinder

Skill      XL: |  1  2  3  4  5  6  7 |
---------------+----------------------+-----
Fighting       | 4 |  4.8
Short Blades   | 3 4 5 |  5.3
Armour         | 4 |  4.9
Shields        | 4 5 |  5.1
Dodging        | 1 |  1.9
Throwing       | |  0.1
Stealth        | |  0.3

Action                   |  1- 3 |  4- 6 |  7- 9 || total
-------------------------+-------+-------+-------++-------
Melee: Rapier            |   158 |   160 |    83 ||   401
Throw: Tomahawk          |     6 |       |     5 ||    11
  Use: Scroll            |       |     6 |     2 ||     8
       Potion            |       |       |     3 ||     3
  Eat: Bread ration      |     1 |       |       ||     1
       Royal jelly       |       |     1 |     1 ||     2
Armor: Scale mail        |    84 |    62 |    31 ||   177
       Skin              |       |       |    16 ||    16
Dodge: Dodged            |    44 |    55 |    16 ||   115
Block: Shield            |    81 |    78 |    27 ||   186
